 Dungeon Crawl Stone Soup version 0.23.2-1-ga50397a (webtiles) character file.

Game seed: 9268138788928232646

998 Iscandelvey the Bolt Thrower (level 8, 41/56 HPs)
             Began as a Demonspawn Arcane Marksman on Apr 16, 2019.
             Quit the game on level 5 of the Dungeon.
             The game lasted 00:17:11 (5213 turns).

Iscandelvey the Bolt Thrower (DsAM)                 Turns: 5213, Time: 00:17:12

Health: 41/56      AC:  6    Str: 10    XL:     8   Next: 0%
Magic:  14/14      EV:  9    Int: 17    God:
Gold:   206        SH:  0    Dex: 14    Spells: 14/15 levels left

rFire    x . .     SeeInvis .   a - +0 hand crossbow
rCold    + . .     Gourm    .   (no shield)
rNeg     . . .     Faith    .   F - +0 scale mail (curse)
rPois    .         Spirit   .   (no helmet)
rElec    .         Reflect  .   (no cloak)
rCorr    .         Harm     .   (no gloves)
MR       .....                  (boots unavailable)
Stlth    ..........             b - amulet of inaccuracy (curse)
HPRegen  0.18/turn              g - ring of ice
MPRegen  0.14/turn              j - ring of attention (curse)

@: no status effects
A: talons 3, demonic guardian 1, nightstalker 1
a: no special abilities


You were on level 5 of the Dungeon.
You were not hungry.

You visited 1 branch of the dungeon, and saw 5 of its levels.

You collected 206 gold pieces.

Inventory:

Hand Weapons
 a - a +0 hand crossbow (weapon)
 w - a +1 dagger of freezing
 A - a +2 dagger of venom
Missiles
 d - 25 bolts (quivered)
 x - 94 sling bullets
Armour
 e - a +0 robe
 u - a +2 robe of cold resistance
 F - a cursed +0 scale mail (worn)
Jewellery
 b - a cursed amulet of inaccuracy (around neck)
 g - a ring of ice (left hand)
 j - a cursed ring of attention (right hand)
 B - an uncursed amulet of faith
Wands
 s - a wand of random effects (41)
 C - a wand of flame (12)
 E - a wand of enslavement (2)
 G - a wand of paralysis (10)
Scrolls
 h - 2 scrolls of teleportation
 i - a scroll of identify
 k - 3 scrolls of magic mapping
 n - a scroll of amnesia {unknown}
 q - 3 scrolls of fear
 v - 2 scrolls of blinking {unknown}
 y - a scroll of enchant weapon {unknown}
 z - 2 scrolls of remove curse {unknown}
Potions
 c - a potion of cancellation {unknown}
 l - 5 potions of might {unknown}
 m - 5 potions of curing
 o - a potion of flight {unknown}
 p - a potion of agility {unknown}
 r - 2 potions of degeneration {unknown}
 D - a potion of haste {unknown}
Comestibles
 f - 4 rations
 t - 6 chunks of flesh


   Skills:
 - Level 1.8 Fighting
 * Level 5.8 Crossbows
 + Level 3.6 Dodging
 - Level 0.4 Stealth
 * Level 4.4 Spellcasting
 - Level 3.9 Hexes


You had 14 spell levels left.
You knew the following spells:

 Your Spells              Type           Power        Failure   Level  Hunger
a - Corona                Hex            ###....      22%         1    None

Your spell library contained the following spells:

 Spells                   Type           Power        Failure   Level  Hunger
 Slow                     Hex            ###.....     32%         2    ##.....
 Magic Dart               Conj           #...         73%         1    None
 Inner Flame              Hex/Fire       ##......     82%         3    ###....
 Portal Projectile        Hex/Tloc       ##....       82%         3    ###....
 Blink                    Tloc           N/A          86%         2    ##.....
 Call Imp                 Summ           #.......     86%         2    ##.....
 Cause Fear               Hex            ###.......   91%         4    ####...
 Conjure Flame            Conj/Fire      #.......     97%         3    ###....
 Mephitic Cloud           Conj/Pois/Air  #.......     97%         3    ###....
 Leda's Liquefaction      Hex/Erth       ##........   99%         4    ####...


Dungeon Overview and Level Annotations

Branches:
Dungeon (5/15)
 Temple: D:4-7

Altars:
Ashenzari

Annotations:
D:3 2 transporters, Kairos's ghost, amateur HuSk


Innate Abilities, Weirdness & Mutations

You have claws for feet.
A weak demonic guardian rushes to your aid.
You are slightly more attuned to the shadows.


Message History

The iguana bites you but does no damage.
Firing (i - inventory)
d - 19 bolts (quivered)
Press: ? - help, Shift-Dir - straight line, f/p - iguana
Aim: an iguana (almost dead)
You shoot a bolt.
The bolt hits the iguana but does no damage.
The iguana is almost dead.
The iguana barely misses you.
Firing (i - inventory)
d - 18 bolts (quivered)
Press: ? - help, Shift-Dir - straight line, f/p - iguana
Aim: an iguana (almost dead)
You shoot a bolt. The bolt hits the iguana.
You kill the iguana!
You have reached level 8!
You feel clever.
Your demonic ancestry asserts itself...
You feel the presence of a demonic guardian.
d - 23 bolts (gained 6)
d - 25 bolts (gained 2)
You see here 9 poisoned needles.
Are you sure you want to abandon this character and quit the game? (Confirm with "yes".)

#.# #.# #.#
#####.###### ..
#.#
#.......[... ..
#<#
##.###.##### ..
#รท###..##..#
.. ..
#.....###.###.#
.. #..####
#.##..# .. ####
#.##.# #.
#.@..# ##
###### #


There were no monsters in sight!

Vanquished Creatures
  A hippogriff (D:4)
  Sigmund (D:4)
  A big kobold (D:3)
  A scorpion (D:4)
  A howler monkey (D:4)
  4 orc priests
  Jessica (D:2)
  Ijyb (D:2)
  Natasha (thrice) (D:2)
  An iguana (D:5)
  2 worker ants (D:4)
  Robin (D:2)
  5 adders
  3 gnolls
  A dart slug (D:3)
  2 leopard geckos (D:1)
  15 orcs
  3 giant cockroaches
  11 goblins
  15 hobgoblins
  11 jackals
  A ball python (D:5)
  A ball python skeleton (D:4)
  3 bats
  2 frilled lizards
  A giant cockroach zombie (D:4)
  A jackal skeleton (D:4)
  11 kobolds
  4 rats
108 creatures vanquished.

Notes
Turn   | Place    | Note
-------+----------+-------------------------------------------
     0 | D:1      | Iscandelvey the Demonspawn Arcane Marksman began the quest
                  | for the Orb.
     0 | D:1      | Reached XP level 1. HP: 15/15 MP: 2/2
    55 | D:1      | Gained mutation: You are slightly more attuned to the
                  | shadows. [demonic ancestry]
    55 | D:1      | Reached XP level 2. HP: 21/21 MP: 3/3
    68 | D:1      | Reached skill level 2 in Crossbows
   783 | D:2      | Found a shattered altar of Ashenzari.
   800 | D:2      | Noticed Natasha
   804 | D:2      | Killed Natasha
   804 | D:2      | Gained mutation: You have sharp toenails. [demonic
                  | ancestry]
   804 | D:2      | Reached XP level 3. HP: 26/26 MP: 4/4
  1059 | D:2      | Noticed Jessica
  1065 | D:2      | Killed Jessica
  1065 | D:2      | Reached skill level 3 in Crossbows
  1065 | D:2      | Reached XP level 4. HP: 20/32 MP: 5/5
  1089 | D:2      | Noticed Natasha
  1092 | D:2      | Killed Natasha
  1228 | D:2      | Noticed Robin
  1498 | D:2      | Killed Robin
  1644 | D:2      | Noticed Natasha
  1651 | D:2      | Killed Natasha
  1651 | D:2      | Gained mutation: You have razor-sharp toenails. [demonic
                  | ancestry]
  1651 | D:2      | Reached XP level 5. HP: 25/38 MP: 6/6
  1952 | D:3      | Noticed Ijyb
  1980 | D:2      | Killed Ijyb
  2096 | D:3      | Found a transporter.
  2098 | D:3      | Noticed Kairos's ghost (amateur HuSk)
  2235 | D:3      | Reached skill level 4 in Crossbows
  2372 | D:3      | Reached XP level 6. HP: 31/44 MP: 7/9
  3036 | D:3      | Found a transporter.
  3462 | D:4      | Noticed Sigmund
  3471 | D:4      | Killed Sigmund
  3471 | D:4      | Reached skill level 5 in Crossbows
  3471 | D:4      | Gained mutation: You have claws for feet. [demonic
                  | ancestry]
  3471 | D:4      | Reached XP level 7. HP: 30/49 MP: 9/11
  3835 | D:4      | Noticed a hippogriff
  4975 | D:5      | Entered Level 5 of the Dungeon
  5034 | D:4      | Killed a hippogriff
  5206 | D:5      | Gained mutation: A weak demonic guardian rushes to your
                  | aid. [demonic ancestry]
  5206 | D:5      | Reached XP level 8. HP: 40/56 MP: 14/14
  5213 | D:5      | Quit the game

Skill      XL: |  1  2  3  4  5  6  7 |
---------------+----------------------+-----
Crossbows      | 2 3 4 5 |  5.8
Dodging        | 2 3 |  3.6
Spellcasting   | 2 3 4 |  4.4
Fighting       | |  1.8
Stealth        | |  0.4
Hexes          | |  3.9

Action                   |  1- 3 |  4- 6 |  7- 9 || total
-------------------------+-------+-------+-------++-------
Melee: Dagger            |       |   135 |    77 ||   212
       Kick              |       |    33 |    21 ||    54
 Fire: Hand crossbow     |    44 |    42 |    14 ||   100
 Cast: Corona            |       |     3 |     3 ||     6
  Use: Potion            |       |     1 |       ||     1
       Scroll            |       |       |     3 ||     3
 Stab: Sleeping          |       |     1 |     3 ||     4
       Distracted        |       |       |     1 ||     1
  Eat: Chunk             |       |     8 |     6 ||    14
Armor: Robe              |       |    31 |    18 ||    49
       Scale mail        |       |       |     6 ||     6
Dodge: Dodged            |     1 |   116 |    58 ||   175
